 Dungeon Crawl Stone Soup version 0.18.1-50-g88ac8fd (webtiles) character file.

56 mizurashi the Skirmisher (level 3, 0/29 HPs)
             Began as a Demonspawn Fighter on Oct 5, 2016.
             Succumbed to an adder's poison
             ... on level 2 of the Dungeon.
             The game lasted 00:03:42 (861 turns).

mizurashi the Skirmisher (Demonspawn Fighter)        Turns: 861, Time: 00:03:42

Health: 0/29       AC:  6    Str: 17    XL:     3   Next: 71%
Magic:  3/3        EV:  7    Int:  9    God:
Gold:   64         SH:  9    Dex: 12    Spells: 0 memorised, 2 levels left

rFire  . . .     SeeInvis .     a - +0 long sword
rCold  . . .     Gourm    .     b - +0 scale mail
rNeg   . . .     Faith    .     c - +0 shield
rPois  .         Spirit   .     (no helmet)
rElec  .         Dismiss  .     (no cloak)
rCorr  .         Reflect  .     (no gloves)
SustAt .         Harm     .     (no boots)
MR     .....                    (no amulet)
Stlth  +.........               (no ring)
                                (no ring)

@: lethally poisoned (0 -> -12), not resistant to hostile enchantments, very
unstealthy
A: nightstalker 1
a: no special abilities


You were on level 2 of the Dungeon.
You were not hungry.

You visited 1 branch of the dungeon, and saw 2 of its levels.

You collected 64 gold pieces.

Inventory:

Hand Weapons
 a - a +0 long sword (weapon)
 n - a +2 mace of holy wrath
 o - a +0 short sword of draining
Armour
 b - a +0 scale mail (worn)
 c - a +0 shield (worn)
 i - a cursed +0 robe
Scrolls
 g - a scroll of fog {unknown}
 j - a scroll of identify {unknown}
 m - 2 scrolls of enchant armour {unknown}
 p - a scroll of teleportation {unknown}
Potions
 d - a potion of might
 e - 2 potions of cure mutation
 k - a potion of cancellation
 l - a potion of resistance {unknown}
Comestibles
 f - 2 bread rations
 h - a meat ration
 q - 2 chunks of flesh


   Skills:
 + Level 3.6 Fighting
 + Level 2.0 Long Blades
 + Level 3.0 Armour
 + Level 1.0 Dodging
 + Level 0.2 Stealth
 + Level 3.1 Shields


You had 2 spell levels left.
You didn't know any spells.

Dungeon Overview and Level Annotations

Branches:
Dungeon (2/15)

Altars:


Innate Abilities, Weirdness & Mutations

You are slightly more attuned to the shadows.


Message History

You closely miss the adder.
The adder is heavily wounded.
You feel sick. You block the adder's attack. The adder barely misses you.
Your shield and scale mail prevent you from hitting the adder.
The adder is heavily wounded.
* * * LOW HITPOINT WARNING * * *
You feel sick. The adder barely misses you. The adder bites you.
* * * LOW HITPOINT WARNING * * *
You barely miss the adder.
The adder is heavily wounded.
* * * LOW HITPOINT WARNING * * *
You feel sick. You block the adder's attack.
Drink which item? (? for menu, Esc to quit)
It was a potion of cure mutation.
It has a very clean taste.
* * * LOW HITPOINT WARNING * * *
You feel sick. The adder barely misses you. The adder bites you.
* * * LOW HITPOINT WARNING * * *
Drink which item? (? for menu, Esc to quit)
It was a potion of cancellation.
You feel magically purged.
You die...

#.# ## #.#
.##.####
......
#...#
####...#.#
#.@SJ....#
#..##...###
##..$...#
####...#
#(..# #...#
#...#


You could see an ooze and an adder.

Vanquished Creatures
  2 gnolls (D:1)
  An adder (D:2)
  A dart slug (D:1)
  3 giant geckos (D:1)
  3 giant cockroaches (D:1)
  2 goblins (D:1)
  3 hobgoblins (D:1)
  2 kobolds (D:1)
  3 bats (D:1)
  2 giant newts (D:1)
  2 rats (D:1)
24 creatures vanquished.

Notes
Turn   | Place    | Note
--------------------------------------------------------------
     0 | D:1      | mizurashi the Demonspawn Fighter began the quest for the Orb.
     0 | D:1      | Reached XP level 1. HP: 18/18 MP: 1/1
   189 | D:1      | Gained mutation: You are slightly more attuned to the shadows. [demonic ancestry]
   189 | D:1      | Reached XP level 2. HP: 21/24 MP: 2/2
   361 | D:1      | Reached XP level 3. HP: 23/29 MP: 3/3
   725 | D:1      | Reached skill level 1 in Dodging
   860 | D:2      | HP: 1/29 [adder (2)]
   861 | D:2      | Succumbed to an adder's poison

Skill      XL: |  1  2  3 |
---------------+----------+-----
Armour         | 3 |  3.0
Long Blades    | 2 |  2.0
Dodging        | 1 |  1.0
Shields        | 3 |  3.1
Fighting       | |  3.6
Stealth        | |  0.2

Action                   || total
-------------------------++-------
Melee: Long sword        ||    96
  Use: Potion            ||     2
Armor: Scale mail        ||    47
Dodge: Dodged            ||    32
Block: Shield            ||    54
